 Dungeon Crawl Stone Soup version 0.29-a0-422-gafbd6decc1 (webtiles) character file.

Game seed: 12846371233784013350

2415 happo123 the Grappler (level 9, -14/127 HPs)
             Began as a Troll Berserker on May 18, 2022.
             Was a Priest of Trog.
             Demolished by a small abomination (18 damage)
             ... on level 7 of the Dungeon.
             The game lasted 00:16:27 (5169 turns).

happo123 the Grappler (Troll Berserker)             Turns: 5169, Time: 00:16:28

Health: -14/127    AC:  8    Str: 31    XL:     9   Next: 23%
Magic:  8/8        EV: 11    Int:  3    God:    Trog [***...]
Gold:   354        SH:  0    Dex:  9    Spells: 8/8 levels left

rFire   . . .      SeeInvis .     - Unarmed
rCold   . . .      Faith    .   (no shield)
rNeg    . . .      Spirit   .   a - +0 animal skin
rPois   .          Reflect  .   (helmet restricted)
rElec   .          Harm     .   (no cloak)
rCorr   .          Rampage  .   (gloves unavailable)
Will    ++...                   (boots unavailable)
Stlth   ..........              (no amulet)
HPRegen 2.11/turn               o - +4 ring of protection
MPRegen 0.11/turn               s - +4 ring of slaying

@: berserking, strong-willed, regenerating, very quick
A: large, unfitting armour, claws 3, regeneration 1, shaggy fur 1, tough skin 1
a: Renounce Religion, Berserk, Trog's Hand


You were on level 7 of the Dungeon.
You worshipped Trog.
Trog was most pleased with you.
You visited 1 branch of the dungeon, and saw 7 of its levels.

You collected 354 gold pieces.

Inventory:

Armour
 a - a +0 animal skin (worn)
Jewellery
 o - a +4 ring of protection (left claw)
 s - a +4 ring of slaying (right claw)
Wands
 r - a wand of acid (9)
 w - a wand of digging (6)
Scrolls
 b - 6 scrolls of noise {unknown}
 d - 2 scrolls of vulnerability {unknown}
 e - a scroll of enchant armour {unknown}
 h - 6 scrolls of identify {unknown}
 j - 2 scrolls of fog {unknown}
 k - a scroll of amnesia {unknown}
 l - 3 scrolls of teleportation {unknown}
 n - 2 scrolls of enchant weapon {unknown}
 p - a scroll of magic mapping {unknown}
 q - a scroll of brand weapon {unknown}
 v - a scroll of silence {unknown}
Potions
 c - 2 potions of flight {unknown}
 f - 7 potions of curing {unknown}
 g - 2 potions of lignification {unknown}
 i - 2 potions of haste {unknown}
 m - a potion of attraction {unknown}
 t - a potion of berserk rage {unknown}
 u - 2 potions of mutation {unknown}
 x - a potion of degeneration {unknown}


   Skills:
 + Level 4.3 Fighting
 + Level 6.0 Dodging
 + Level 1.5 Stealth
 + Level 9.6 Unarmed Combat


You had 8 spell levels left.
You didn't know any spells.
Your spell library was empty.

Dungeon Overview and Level Annotations

Branches:
Dungeon (7/15)             Temple (0/1) D:5

Altars:
Gozag
Lugonu

Shops:
D:6 *

Annotations:
D:7 1 transporter


Innate Abilities, Weirdness & Mutations

You are too large for most types of armour.
You have claws for hands.
Your natural rate of healing is unusually fast.
You are covered in fur. (AC +1)
You have tough skin. (AC +1)


Message History

The small abomination barely misses you. x2
You mangle the purple ugly thing!!
The purple ugly thing is severely wounded.
The small abomination closely misses you.
The small abomination barely misses you.
The small abomination misses you.
You mangle the purple ugly thing!! Your claw misses the purple ugly thing.
The purple ugly thing is almost dead.
The small abomination hits you.
The purple ugly thing engulfs you but does no damage.
The small abomination hits you!!
The small abomination barely misses you.
You claw the purple ugly thing! Your claw misses the purple ugly thing.
The purple ugly thing is almost dead.
The small abomination hits you.
You mangle the purple ugly thing!!
You feel the power of Trog in you as your rage grows.
You kill the purple ugly thing!
Trog accepts your kill. The small abomination hits you!
* * * LOW HITPOINT WARNING * * *
The small abomination closely misses you.
Your Dodging skill increases to level 6!
You claw the green ugly thing!
The green ugly thing is moderately wounded.
The small abomination hits you!
* * * LOW HITPOINT WARNING * * *
The small abomination hits you!
* * * LOW HITPOINT WARNING * * *
You claw the green ugly thing!
The green ugly thing is heavily wounded.
The small abomination hits you!
* * * LOW HITPOINT WARNING * * *
The small abomination misses you. The green ugly thing headbutts you.
* * * LOW HITPOINT WARNING * * *
You are too berserk!
You completely miss the green ugly thing.
The green ugly thing is heavily wounded.
The small abomination hits you!!
You die...

...####....#....# ##...######..##
....####....########.#######..##
......###..##.. #...##..##...##
..........##}.###...##..©#...##
..#......## .#..#####....##...##
........######...###...###.....##
........# #.###.x.....###..##...#
###.....###...##xu...##....###...
####..##....©#@x_..#©....# ##..
##..#....##xx...##...## ##..
##....###.......###.# ##...
#...###...###...######....
##...#.#..## ##....##......
###....#...## ##.?)#.......
###.....###..# #.)###......
###...#...# #### ##### ##.....
....###...# #..## #..# ##....


You could see a green ugly thing and 5 small abominations.

Vanquished Creatures
  2 ugly things (D:7)
  A hornet (D:7)
  A water moccasin (D:7)
  An ice beast (D:7)
  A centaur (D:6)
  A phantom (D:6)
  3 bullfrogs
  A necrophage (D:7)
  4 scorpions
  A jelly (D:7)
  2 orc priests
  2 hounds
  3 iguanas
  5 orc wizards
  7 gnolls
  5 adders
  2 ufetubi (D:5)
  A worm (D:3)
  3 dart slugs
  12 orcs
  7 endoplasms
  4 giant cockroaches
  10 goblins
  10 hobgoblins
  4 jackals (D:4)
  6 kobolds
  6 quokkas
  8 ball pythons
  6 bats
  2 frilled lizards
  A rat (D:1)
122 creatures vanquished.

Vanquished Creatures (others)
  4 plants (D:1)
4 creatures vanquished.

Grand Total: 126 creatures vanquished

Notes
Turn   | Place    | Note
-------+----------+-------------------------------------------
     0 | D:1      | happo123 the Troll Berserker began the quest for the Orb.
     0 | D:1      | Reached XP level 1. HP: 22/22 MP: 0/0
   131 | D:1      | Reached XP level 2. HP: 10/29 MP: 1/1
   343 | D:1      | Reached XP level 3. HP: 31/36 MP: 2/2
   378 | D:1      | Reached ** piety under Trog
   621 | D:2      | Reached skill level 4 in Unarmed Combat
   621 | D:2      | Reached XP level 4. HP: 21/44 MP: 3/3
  1073 | D:3      | Reached XP level 5. HP: 50/53 MP: 4/4
  1087 | D:3      | Reached *** piety under Trog
  1287 | D:3      | Found a faded altar of an unknown god.
  1759 | D:3      | Reached skill level 5 in Unarmed Combat
  1906 | D:4      | Reached XP level 6. HP: 50/61 MP: 5/5
  2445 | D:5      | Entered Level 5 of the Dungeon
  2470 | D:5      | Found an opulent altar of Gozag.
  2593 | D:5      | Reached **** piety under Trog
  2594 | D:5      | Reached skill level 6 in Unarmed Combat
  2612 | D:5      | Found a staircase to the Ecumenical Temple.
  2651 | D:5      | Reached XP level 7. HP: 66/67 MP: 6/6
  2904 | D:5      | Upgraded the game from 0.29-a0-418-gc0181ea820 to
                  | 0.29-a0-422-gafbd6decc1
  3073 | D:6      | Reached skill level 7 in Unarmed Combat
  3105 | D:6      | Found Sebeosit's General Store.
  3684 | D:6      | Reached XP level 8. HP: 53/78 MP: 7/7
  4022 | D:7      | Reached skill level 5 in Dodging
  4189 | D:7      | Reached skill level 1 in Stealth
  4285 | D:7      | Noticed a hornet
  4291 | D:7      | Paralysed by a hornet for 1 turns
  4293 | D:7      | Killed a hornet
  4294 | D:7      | Reached skill level 8 in Unarmed Combat
  4451 | D:7      | Found a transporter.
  4659 | D:7      | Noticed a cyan ugly thing
  4661 | D:7      | Found a corrupted altar of Lugonu.
  4879 | D:7      | Noticed a red ugly thing
  4881 | D:7      | Noticed a green ugly thing
  4882 | D:7      | Found a transporter.
  5159 | D:7      | Killed a green ugly thing
  5160 | D:7      | Reached skill level 9 in Unarmed Combat
  5160 | D:7      | Reached XP level 9. HP: 72/84 MP: 8/8
  5166 | D:7      | Killed a purple ugly thing
  5168 | D:7      | HP: 5/127 [small abomination (8)]
  5169 | D:7      | Demolished by a small abomination

Illustrated notes

Levels and vault maps discovered:
D:1:      minmay_arrival_checkered_box, layout_basic, nicolae_grassy_gnolls
D:2:      layout_rooms
D:3:      cheibrodos_pilgrimage, layout_basic, chequers_ecumenical_altar_simple
D:4:      layout_basic
D:5:      layout_gridville, grunt_gozag_statues, minmay_temple_entry_large_hall
D:6:      layout_basic, serial_shops, shop, st_stairs_6
D:7:      gammafunk_corrupted_shrine, layout_layer_cave,
          minmay_misc_feat_enclosed

Skill      XL: |  1  2  3  4  5  6  7  8  9 |
---------------+----------------------------+-----
Unarmed Combat | 4 5 6 7 9 |  9.6
Dodging        | 3 4 5 6 |  6.0
Fighting       | 3 4 |  4.3
Stealth        | 1 |  1.5

Action                   |  1- 3 |  4- 6 |  7- 9 || total
-------------------------+-------+-------+-------++-------
Melee: Unarmed           |    59 |   185 |   103 ||   347
       Punch             |     2 |     3 |     3 ||     8
Invok: Berserk           |       |       |     2 ||     2
       Trog's Hand       |       |       |     1 ||     1
Armor: Animal skin       |    16 |    87 |    42 ||   145
Dodge: Dodged            |    42 |    83 |    56 ||   181

Table legend: (Time is in decaauts)
 A = Elapsed time spent in this place.
 B = Non-inter-level travel time spent in this place.
 C = Inter-level travel time spent in this place.
 D = Time resting spent in this place.
 E = Time spent auto-exploring this place.
 F = Levels seen in this place.
 G = Mean time per level.
                   A        B        C        D        E       F      G
               +--------+--------+--------+--------+--------+-----+--------+
         Total |   5138 |   4654 |    484 |      0 |   3893 |   7 |  734.0 |
       Dungeon |   5138 |   4654 |    484 |      0 |   3893 |   7 |  734.0 |
               +--------+--------+--------+--------+--------+-----+--------+

Top non-repeatable levels by time:
     D:7: 1207 daAuts
     D:6: 1049 daAuts
     D:3: 839 daAuts
     D:4: 616 daAuts
     D:1: 606 daAuts
     D:5: 455 daAuts
     D:2: 364 daAuts
